AoeStats
← crypto_zhupel

Arabia

503844903Analyzed
1v1 RM · 29d ago on Sep 2, 2026· 55m 2s· 2 players
Game mode
Random Map
Map size
Tiny (2 player)
Population
200
Speed
Normal
Resources
Standard
Victory
Conquest
Starting age
Dark Age
Ending age
Imperial Age
RankedLock teamsTeams togetherTeam positionsShared explorationLock speedFull tech treeHidden civsTurbo modeCheats
Victory
Defeat
🇷🇺 Slavs · Russia
1332
+17
🇹🇼 Burgundians · Taiwan
1357
-17
crypto_zhupel
6:47 Loom
6:51 Loom
7:05 Loom
9:40 Feudal Age
9:44 Man-at-Arms
10:57 Double-Bit Axe
18:39 Fletching
21:23 Castle Age
22:20 Wheelbarrow
21:54 Horse Collar
25:06 Town Watch
27:20 Scale Barding Armor
30:54 Forging
34:19 Iron Casting
40:04 Imperial Age
38:36 Husbandry
38:46 Bloodlines
39:40 Chain Barding Armor
40:34 Detinets
41:29 Plate Barding Armor
40:55 Gold Mining
41:57 Conscription
42:22 Bow Saw
42:15 Heavy Plow
43:37 Blast Furnace
45:03 Hoardings
46:20 Hand Cart
45:41 Elite Boyar
48:23 Long Swordsman
50:12 Masonry
DonkeyKong
5:53 Loom
8:51 Feudal Age
8:36 Double-Bit Axe
14:33 Horse Collar
19:18 Fletching
20:02 Padded Archer Armor
22:58 Castle Age
23:03 Scale Barding Armor
23:09 Forging
25:37 Wheelbarrow
31:22 Cavalier
32:13 Husbandry
34:12 Town Watch
38:23 Bow Saw
38:14 Heavy Plow
43:00 Imperial Age
41:05 Scale Mail Armor
41:26 Burgundian Vineyards
43:09 Iron Casting
43:06 Chain Mail Armor
44:54 Blast Furnace
44:46 Squires
44:33 Arson
46:14 Conscription
47:27 Pikeman
48:38 Plate Mail Armor
48:30 Chain Barding Armor
48:20 Halberdier
50:15 Chemistry
49:27 Bodkin Arrow
49:58 Leather Archer Armor
50:07 Ballistics
Connection lost

Rejoining the realm…

Still unreachable

The connection could not be restored.

Session expired

The server has moved on; the page needs a fresh start.